Map: Overgrowth LE (Void)

Players

exalon

  • Race: Zerg Zerg
  • League: Diamond
  • Spawn Location: 1:00

Gorod - Winner!

  • Race: Zerg Zerg
  • League: Diamond
  • Spawn Location: 7:00

VOD

Have the link to the VOD?

Description

Time

  • Played on: Dec. 19, 2016, 8:26 a.m.
  • Length: 2:46
Show
View Real Time Build Order
Export as new Build Order

exalon Zerg 

Build Orders: Hatch First 

Get SALT Encoding   

  12  0:01  Drone  
  13  0:12  Overlord  
  13  0:17  Drone  
  14  0:30  Drone  
  14  0:31  Drone  
  16  0:36  Drone  
  17  0:55  Hatchery, Drone  
  17  0:58  Drone  
  17  1:03  Extractor  
  17  1:07  Drone  
  18  1:18  Spawning Pool  
  17  1:20  Drone  
  18  1:29  Drone  
  19  1:39  Overlord  
  19  1:50  Drone  
  19  2:05  Queen  
  19  2:07  Queen  
  23  2:08  Zergling x2  
  23  2:12  Drone  
  23  2:13  Drone  
  26  2:18  Drone  
  27  2:23  Drone  
  28  2:30  Drone  
Show
View Real Time Build Order
Export as new Build Order

Gorod Zerg - Winner!

Build Orders: Pool First 

Get SALT Encoding   

  12  0:02  Drone  
  13  0:08  Drone  
  14  0:16  Drone, Extractor  
  15  0:22  Overlord  
  15  0:41  Drone x2  
  17  0:47  Spawning Pool  
  16  0:50  Drone  
  16  0:53  Extractor  
  16  0:57  Drone  
  17  1:22  Hatchery  
  16  1:40  Queen  
  16  1:43  Drone x2  
  19  2:01  Drone  
  19  2:02  Drone  
  19  2:05  Drone  
  22  2:15  Overlord  
Tags
 
Add a new tag
Caveats
  • Supply blocks, unpowered buildings, or Contaminate may cause inaccurate times.
  • Supply counts are checked every 10 seconds.